Cogmind - Beta 13 X1 @@@ ROGUE MODE // 2023.07.20 @ 22:44:46 Player: Runia Result: Destroyed by G-47 Trooper with Particle Gun Performance ------------- Evolutions (1) 500 Regions Visited (6) 1200 Robots Destroyed (80) 400 Value Destroyed (1572) 1572 Prototype IDs (14) 280 Alien Tech Used (0) 0 Bonus (49) 49 TOTAL SCORE: 4001 Bonus ------- High Alert Combat Kills 49 Cogmind --------- Core Integrity 0/400 Matter 6/300 Energy 310/310 System Corruption 4% Temperature Cool (9) Movement Core (1700) Ox33 Location -8/Mines Parts ------- > --- POWER (1) -------- Reinforced Fission Core > --- PROPULSION (2) --- (None) > --- UTILITY (4) ------ Experimental Heat Sink Huge Storage Unit Advanced Targeting Computer > --- WEAPON (2) ------- (None) > --- INVENTORY (25) --- Heavy Ion Engine Light Treads Light Treads Advanced Myomer Leg Advanced Myomer Leg Experimental Sensor Array Experimental Core Analyzer Advanced Weapon Cycler Improved Weapon Shielding Improved Weapon Shielding Hacking Suite Advanced Component Analysis Suite Advanced Recalibrator AS-neutralizer No. 17b Heavy Assault Rifle Heavy Assault Rifle Improved Assault Rifle 8R-AWN's Boregun 8R-AWN's Boregun Mini Grenade Launcher Mini Grenade Launcher Plasma Cutter Plasma Cutter Plasma Cutter Mace Peak State ------------ > --- POWER ------------ Reinforced Fission Core > --- PROPULSION ------- Light Treads Wheel > --- UTILITY ---------- Experimental Heat Sink Huge Storage Unit Advanced Targeting Computer Advanced Recalibrator > --- WEAPON ----------- 8R-AWN's Boregun Plasma Cutter > --- INVENTORY -------- Heavy Ion Engine Light Treads Light Treads Advanced Myomer Leg Advanced Myomer Leg Experimental Sensor Array Experimental Core Analyzer Advanced Weapon Cycler Improved Weapon Shielding Improved Weapon Shielding Light Armor Plating Hacking Suite Advanced Component Analysis Suite AS-neutralizer No. 17b Heavy Assault Rifle Heavy Assault Rifle Improved Assault Rifle 8R-AWN's Boregun Improved Light Cannon Mini Grenade Launcher Mini Grenade Launcher Plasma Cutter Plasma Cutter Mace [Rating: 49] Favorites ----------- Power Heavy Ion Engine Engine Heavy Ion Engine Power Core Reinforced Fission Core Propulsion Light Treads Treads Light Treads Leg Aluminum Leg Wheel Wheel Utility Huge Storage Unit Device Experimental Heat Sink Storage Huge Storage Unit Processor Advanced Targeting Computer Hackware Hacking Suite Protection Light Armor Plating Weapon Plasma Cutter Energy Gun Particle Gun Ballistic Gun Assault Rifle Ballistic Cannon Improved Light Cannon Launcher Mini Grenade Launcher Special Weapon Plasma Cutter Build | -11 -10 -10 -9 -9 -9 -8 ------- Run | Jun Mat Min Mat Min Exi Min Slots Evolved 2 | . . . 2 . . . Power . | . . . . . . . Propulsion . | . . . . . . . Utility 2 | . . . 2 . . . Weapon . | . . . . . . . Parts Attached 71 | 2 14 3 24 3 24 1 Power 7 | . 3 1 1 . 2 . Engine 6 | . 3 1 1 . 1 . Core 1 | . . . . . 1 . Reactor . | . . . . . . . Propulsion 12 | 2 3 1 3 . 3 . Treads 8 | 2 1 1 2 . 2 . Leg . | . . . . . . . Wheel 4 | . 2 . 1 . 1 . Hover . | . . . . . . . Flight . | . . . . . . . Utility 23 | . 4 1 6 1 11 . Device 11 | . 1 . 3 . 7 . Storage 3 | . 3 . . . . . Processor 1 | . . . 1 . . . Hackware 1 | . . . 1 . . . Protection 7 | . . 1 1 1 4 . Artifact . | . . . . . . . Weapon 29 | . 4 . 14 2 8 1 Energy Gun 2 | . 1 . 1 . . . Energy Cannon . | . . . . . . . Ballistic Gun 11 | . 3 . 4 . 3 1 Ballistic Cannon 5 | . . . 4 1 . . Launcher 8 | . . . 5 1 2 . Special Weapon 3 | . . . . . 3 . Impact Weapon . | . . . . . . . Slashing Weapon . | . . . . . . . Piercing Weapon . | . . . . . . . Special Melee Weapon . | . . . . . . . Unidentified Prototypes 5 | . . . 2 . 3 . Parts Lost 12 | . 3 . 3 1 2 3 Power 2 | . 1 . . . 1 . Propulsion 5 | . 2 . 1 . . 2 Utility 4 | . . . 1 1 1 1 Weapon 1 | . . . 1 . . . Highest Loss Streak 2 | . 2 . 2 1 1 2 To Critical Strikes 1 | . . . . . 1 . Average Slot Usage (%) 97 | . 93 100 98 100 99 72 Engine 11 | . 14 14 11 11 10 . Treads 13 | . 18 14 11 11 11 7 Wheel 10 | . 9 14 11 11 10 11 Device 11 | . 8 2 9 11 16 11 Storage 12 | . 14 14 11 11 11 11 Processor 5 | . . . 2 11 11 11 Hackware 1 | . . . 8 . . . Protection 6 | . . 11 10 11 5 . Energy Gun 3 | . 4 14 3 . . . Ballistic Gun 12 | . 23 14 11 11 8 9 Ballistic Cannon 2 | . . . 7 4 1 . Special Weapon 4 | . . . . . 11 . Naked Turns . | . . . . . . . Heaviest Build 113 | 10 91 97 100 99 111 113 Greatest Support 40 | 40 40 16 16 10 40 10 Greatest Overweight (x) 11 | . 5 6 9 9 11 11 Average Overweight (x) 6 | . 1 5 7 9 9 10 Largest Inventory Capacity 25 | 8 25 25 25 25 25 25 Average Capacity 23 | 8 16 25 25 25 25 25 Most Carried 25 | 6 16 25 25 25 25 25 Average Carried 20 | 4 8 23 24 24 22 24 Final Capacity 25 | 8 25 25 25 25 25 25 Final Carried 25 | 4 15 25 25 24 24 25 Class Distribution -------------------- 98% | Mutant Dominant Class ---------------- Mutant | -10/Materials Mutant | -10/Mines Mutant | -9/Materials Mutant | -9/Mines Mutant | -9/Exiles Mutant | -8/Mines Resources | -11 -10 -10 -9 -9 -9 -8 ----------- Run | Jun Mat Min Mat Min Exi Min Matter Collected 2262 | 200 581 98 622 53 708 . Remotely . | . . . . . . . Salvage Created 2942 | . 1091 . 1170 73 608 . Parts 235 | . 75 . 77 5 78 . Haulers Intercepted 7 | . 2 . 5 . . . Recyclers Shooed 4 | . 3 . 1 . . . Parts Field Recycled . | . . . . . . . Retrieved Matter . | . . . . . . . Parts Self-Destructed . | . . . . . . . Prevented . | . . . . . . . Kills | -11 -10 -10 -9 -9 -9 -8 ------- Run | Jun Mat Min Mat Min Exi Min Combat Hostiles Destroyed 51 | . 19 . 24 3 5 . Guns 30 | . 19 . 8 2 1 . Cannons 8 | . . . 6 . 2 . AOE 13 | . . . 10 1 2 . Classes Destroyed 13 | . 8 . 2 1 2 . Worker 4 | . 2 . 2 . . . Builder 2 | . 2 . . . . . Hauler 7 | . 2 . 5 . . . Recycler 7 | . 4 . 3 . . . Operator 1 | . 1 . . . . . Turret 1 | . . . . . 1 . Watcher 3 | . 3 . . . . . Swarmer 13 | . 6 . 7 . . . Grunt 23 | . 13 . 8 2 . . Brawler 1 | . . . 1 . . . Sentry 8 | . . . 8 . . . Zionite 7 | . . . . . 7 . Assembled 5 | . . . . 1 4 . Best Kill Streak 7 | . 7 . 4 2 3 . Combat Bots Only 7 | . 7 . 4 2 3 . Max Kills in Single Turn 4 | . 2 . 4 1 1 . Gunslinging 1 | . 1 . . . . . Exploded 4 | . . . 4 1 1 . Melee . | . . . . . . . Uniques/NPCs Destroyed 4 | . . . . . 4 . 8R-AWN (-9/Exiles) EX-HEX (-9/Exiles) EX-DEC (-9/Exiles) EX-BIN (-9/Exiles) Combat | -11 -10 -10 -9 -9 -9 -8 -------- Run | Jun Mat Min Mat Min Exi Min Damage Taken 2993 | . 874 . 884 101 525 609 Core 580 | . 180 . 151 . 122 127 Absorbed by Shields . | . . . . . . . Redirected to Shielding 29 | . . . . . 29 . Core Remaining (%) 64 | 100 . 28 . . . . Volleys Fired 371 | . 137 . 63 5 162 4 Largest 2 | . 2 . 2 2 2 2 Hottest 95 | . 85 . 95 62 40 60 Shots Fired 629 | . 274 . 119 9 221 6 Gun 453 | . 274 . 73 4 96 6 Cannon 43 | . . . 39 4 . . Launcher 15 | . . . 7 1 7 . Special 118 | . . . . . 118 . Kinetic 457 | . 252 . 95 8 96 6 Thermal 39 | . 22 . 17 . . . Explosive 15 | . . . 7 1 7 . Electromagnetic . | . . . . . . . Impact 118 | . . . . . 118 . Robot Hit Streak 17 | . 11 . 14 4 17 6 Robot Miss Streak 4 | . 4 . 2 1 4 . Penetration Max 1 | . . . . . 1 . Secondary Targets 2 | . 2 . . . . . Max Gunslinging Chain 1 | . 1 . . . . . Shots Hit Robots 415 | . 174 . 83 5 147 6 Core Hits 166 | . 68 . 45 5 46 2 Critical Kills 12 | . 1 . . . 11 . Critical Parts Destroyed 17 | . 3 . . . 11 3 Critical Strikes 36 | . 4 . . . 29 3 Destroy 29 | . 4 . . . 22 3 Sever 7 | . . . . . 7 . Melee Attacks . | . . . . . . . Impact . | . . . . . . . Slashing . | . . . . . . . Piercing . | . . . . . . . Sneak Attacks . | . . . . . . . Combat Hostiles . | . . . . . . . Follow-up Attacks . | . . . . . . . Damage Inflicted 6281 | . 1584 . 2321 123 2150 103 Guns 3677 | . 1579 . 906 55 1034 103 Cannons 600 | . . . 581 19 . . Explosions 1048 | . . . 834 49 165 . Melee . | . . . . . . . Ramming 5 | . 5 . . . . . Kinetic 3833 | . 1406 . 1216 74 1034 103 Thermal 444 | . 173 . 271 . . . Explosive 1048 | . . . 834 49 165 . Electromagnetic . | . . . . . . . Impact 951 | . . . . . 951 . Slashing . | . . . . . . . Piercing . | . . . . . . . Highest Corruption 4 | . . . . . 4 4 Average Corruption 4 | . . . . . 4 4 Corruption Purged . | . . . . . . . Corruption Blocked . | . . . . . . . Effects 46 | . . . . . 42 4 Message Errors 8 | . . . . . 7 1 Matter Fused 13 | . . . . . 12 1 Heat Flow Errors 7 | . . . . . 7 . Energy Discharges 8 | . . . . . 8 . Parts Fused 1 | . . . . . 1 . Data Loss (minor) 6 | . . . . . 6 . Data Loss (major) 2 | . . . . . 1 1 Weapon Failures 1 | . . . . . . 1 Overload Shots . | . . . . . . . Overflow Damage 19 | . . . 18 . 1 . Projectiles 1 | . . . . . 1 . Explosions 18 | . . . 18 . . . Melee . | . . . . . . . Knockbacks 11 | . . . 4 . 7 . Impact 7 | . . . . . 7 . Kinetic 4 | . . . 4 . . . Secondary . | . . . . . . . Self-Inflicted Damage 64 | . . . 35 . 29 . Shots 2 | . . . 1 . 1 . Rammed 2 | . 1 . . . . 1 Targets Rammed 2 | . 1 . . . . 1 Kicked . | . . . . . . . Crushed . | . . . . . . . Highest Temperature 210 | . 144 . 81 38 210 17 Average Temperature 24 | . 22 . 13 23 83 12 Received Heat Transfer 1125 | . 372 . 282 48 . 423 Siege Activations . | . . . . . . . Robots Corrupted . | . . . . . . . Combat Hostiles . | . . . . . . . Parts Fried . | . . . . . . . Impact Corruptions 2 | . . . . . 2 . Robots Melted . | . . . . . . . Combat Hostiles . | . . . . . . . Parts Melted . | . . . . . . . Heat Transferred 888 | . 407 . 481 . . . Parts Sabotaged . | . . . . . . . Parts Stolen . | . . . . . . . Parts Stripped . | . . . . . . . Power Chain Reactions . | . . . . . . . Missiles Intercepted . | . . . . . . . Alert | -11 -10 -10 -9 -9 -9 -8 ------- Run | Jun Mat Min Mat Min Exi Min Peak Influence 475 | . 254 63 475 201 . 21 Initial 151 | . . 63 . 151 . . Average 167 | . 151 26 271 192 . 11 Maximum Alert Level 2 | . 1 . 2 1 . . Low Security (%) 62 | 100 78 100 25 45 . 100 Level 1 31 | . 21 . 60 54 . . Level 2 5 | . . . 13 . . . Level 3 . | . . . . . . . Level 4 . | . . . . . . . Level 5 . | . . . . . . . High Security . | . . . . . . . Max Security . | . . . . . . . Squads Dispatched 7 | . 4 1 2 . . . Investigation 3 | . 1 1 1 . . . Extermination . | . . . . . . . Reinforcement 4 | . 3 . 1 . . . Assault . | . . . . . . . Garrison . | . . . . . . . Intercept . | . . . . . . . Searches Triggered . | . . . . . . . Construction Impeded . | . . . . . . . Haulers Reinforced . | . . . . . . . Active Scanning Responses . | . . . . . . . Cargo Convoy Interrupts . | . . . . . . . Stealth | -11 -10 -10 -9 -9 -9 -8 --------- Run | Jun Mat Min Mat Min Exi Min Distress Signals 2 | . . . 2 . . . Communications Jammed . | . . . . . . . Distress Signals . | . . . . . . . Times Spotted 105 | . 33 . 35 4 30 3 Peak Tracking Total 9 | . 4 . 5 2 9 3 Tactical Retreats 17 | . 2 . 1 1 12 1 Traps | -11 -10 -10 -9 -9 -9 -8 ------- Run | Jun Mat Min Mat Min Exi Min Traps Triggered 2 | . 2 . . . . . Indirectly . | . . . . . . . Trap Hack Attempts . | . . . . . . . Triggered . | . . . . . . . Disarmed . | . . . . . . . Reprogrammed . | . . . . . . . Reused 4 | . . . . . 4 . Traps Extracted . | . . . . . . . Installed 4 | . . . . . 4 . Triggered . | . . . . . . . Most Traps Carried 4 | . . 4 4 4 4 . Machines | -11 -10 -10 -9 -9 -9 -8 ---------- Run | Jun Mat Min Mat Min Exi Min Machines Disabled 18 | . . . 3 . 15 . Max in Single Turn 2 | . . . 1 . 2 . Machines Repaired . | . . . . . . . Machines Sabotaged . | . . . . . . . Overloaded Fab Kills . | . . . . . . . Hacking | -11 -10 -10 -9 -9 -9 -8 --------- Run | Jun Mat Min Mat Min Exi Min Machines Accessed 14 | . 5 1 7 . 1 . Terminals 8 | . 5 . 3 . . . Fabricators . | . . . . . . . Repair Stations 2 | . . . 2 . . . Recycling Units 1 | . . . 1 . . . Scanalyzers 1 | . . . 1 . . . Garrison Access . | . . . . . . . Total Hacks 42 | . 17 1 23 . 1 . Successful 17 | . 4 1 11 . 1 . Failed 24 | . 12 . 12 . . . Catastrophic 5 | . 2 . 3 . . . Database Lockouts 1 | . 1 . . . . . Manual 10 | . 6 . 4 . . . Terminals 27 | . 17 . 10 . . . Fabricators . | . . . . . . . Repair Stations 8 | . . . 8 . . . Recycling Units 1 | . . . 1 . . . Scanalyzers 4 | . . . 4 . . . Garrison Access . | . . . . . . . Terminal Hacks 12 | . 4 1 6 . 1 . Record 1 | . . . . . 1 . Part Schematic 1 | . 1 . . . . . Robot Analysis 1 | . . . 1 . . . Prototype ID Bank 3 | . 1 . 2 . . . Open Door 1 | . . 1 . . . . Emergency Access Points 1 | . 1 . . . . . Terminal Index 1 | . . . 1 . . . Hauler Manifests 1 | . . . 1 . . . Zone Layout 2 | . 1 . 1 . . . Fabricator Hacks . | . . . . . . . Repair Station Hacks 2 | . . . 2 . . . Scan Component 2 | . . . 2 . . . Recycling Unit Hacks . | . . . . . . . Scanalyzer 2 | . . . 2 . . . Insert Component 1 | . . . 1 . . . Analyze 1 | . . . 1 . . . Garrison Access Hacks . | . . . . . . . Unauthorized Hacks 1 | . . . 1 . . . Terminals . | . . . . . . . Fabricators . | . . . . . . . Repair Stations . | . . . . . . . Recycling Units 1 | . . . 1 . . . Tunnel 1 | . . . 1 . . . Scanalyzers . | . . . . . . . Garrison Access . | . . . . . . . Data Cores Recovered . | . . . . . . . Used . | . . . . . . . Hacking Detections 10 | . 4 . 6 . . . Full Trace Events 3 | . 2 . 1 . . . Feedback Events . | . . . . . . . Feedback Blocked . | . . . . . . . Robot Schematics Acquired . | . . . . . . . Robots Built . | . . . . . . . Authchips . | . . . . . . . Time . | . . . . . . . Total Robot Build Rating . | . . . . . . . Part Schematics Acquired 2 | . 1 . 1 . . . Parts Built . | . . . . . . . Authchips . | . . . . . . . Time . | . . . . . . . Total Part Build Rating . | . . . . . . . Parts Repaired . | . . . . . . . Time . | . . . . . . . Parts Recycled . | . . . . . . . Recycled Matter . | . . . . . . . Retrieved Matter . | . . . . . . . Retrieved Components . | . . . . . . . Parts Scanalyzed 1 | . . . 1 . . . Part Schematics Acquired 1 | . . . 1 . . . Parts Damaged 1 | . . . 1 . . . Bothacking | -11 -10 -10 -9 -9 -9 -8 ------------ Run | Jun Mat Min Mat Min Exi Min Used RIF Installer . | . . . . . . . Robots Hacked . | . . . . . . . Non-combat . | . . . . . . . Combat . | . . . . . . . Robot Hacks Applied . | . . . . . . . Relay Couplers Released . | . . . . . . . Fabnet Peak Effective % . | . . . . . . . Robots Rewired . | . . . . . . . Allies Hacked . | . . . . . . . Hacks Repelled . | . . . . . . . Allies | -11 -10 -10 -9 -9 -9 -8 -------- Run | Jun Mat Min Mat Min Exi Min Total Allies . | . . . . . . . Largest Group . | . . . . . . . Highest-Rated Group . | . . . . . . . Highest-Rated Ally . | . . . . . . . Total Orders . | . . . . . . . Ally Attacks . | . . . . . . . Total Damage . | . . . . . . . Kills . | . . . . . . . Allies Corrupted . | . . . . . . . Allies Melted . | . . . . . . . Intel | -11 -10 -10 -9 -9 -9 -8 ------- Run | Jun Mat Min Mat Min Exi Min Robot Analysis Total 1 | . . . 1 . . . Derelict Logs Recovered . | . . . . . . . Drone Launches . | . . . . . . . Drone Recoveries . | . . . . . . . Exploration | -11 -10 -10 -9 -9 -9 -8 ------------- Run | Jun Mat Min Mat Min Exi Min Turns Passed 7125 | 7 1478 957 1629 94 2884 76 Spaces Moved 2837 | 3 718 500 637 36 924 19 Core . | . . . . . . . Treads 232 | 3 228 . . . 1 . Legs . | . . . . . . . Wheels 2605 | . 490 500 637 36 923 19 Hover . | . . . . . . . Flight . | . . . . . . . Fastest Speed 105 | 160 105 175 190 215 200 230 Average Speed 190 | 160 145 187 205 215 215 235 Slowest Speed 320 | 160 175 190 215 215 320 245 Overloaded Moves . | . . . . . . . Propulsion Burnouts . | . . . . . . . Robots Hopped . | . . . . . . . Cave-ins Triggered . | . . . . . . . Exploration Rate (%) 47 | 2 99 82 57 7 74 10 Regions Visited 6 Branch Regions 4 Pre-discovered Areas 2 | . . . 1 . 1 . Known Exits Taken . | . . . . . . . Unknown Exits Taken 6 | 1 1 1 1 1 1 . Scrap Searched 1 | . . 1 . . . . Spaces Dug 11 | . . . 10 . 1 . Terrain Destroyed 134 | . . . 70 11 49 4 Melee . | . . . . . . . Projectile 19 | . . . 1 . 14 4 AOE 113 | . . . 69 11 33 . Terrain Rammed . | . . . . . . . Walls Destroyed . | . . . . . . . Machines Disabled . | . . . . . . . Actions | -11 -10 -10 -9 -9 -9 -8 --------- Run | Jun Mat Min Mat Min Exi Min Total 3955 | 6 920 519 844 43 1583 40 Wait 564 | . 30 7 74 . 441 12 Move 2831 | 2 717 499 636 35 923 19 Hop . | . . . . . . . Pick Up 60 | . 14 8 22 . 16 . Fast Attach 9 | . 4 1 4 . . . Attach 14 | 2 3 . 5 1 3 . Detach 3 | . . 1 . . . 2 Swap 48 | . 7 2 15 2 21 1 Drop 49 | 2 7 1 25 . 13 1 Fire 371 | . 137 . 63 5 162 4 Melee . | . . . . . . . Ram . | . . . . . . . Kick . | . . . . . . . Crush 2 | . 1 . . . . 1 Escape Stasis . | . . . . . . . Rewire . | . . . . . . . Trap 4 | . . . . . 4 . Miscellaneous . | . . . . . . . Route ------- -11/Junkyard -10/Materials (discovered 6 exits: *Mat x3 / *Min x2 / [*Sub]) -10/Mines (discovered 2 exits: *Mat / [*Sub]) -9/Materials (discovered 2 exits: [*Mat] / [*Min]) -9/Mines -9/Exiles -8/Mines History --------- Turn | Location | Event 4 | -11/Junkyard | Discovered new exit (range 0) 8 | -11/Junkyard | Entered Materials 257 | -10/Materials | Discovered new exit (range 14) 306 | -10/Materials | Build established: Mutant 452 | -10/Materials | Destroyed 7 combat bots 808 | -10/Materials | Discovered new exit (range 9) 839 | -10/Materials | Core integrity fell below 50% 958 | -10/Materials | Discovered new exit (range 7) 1099 | -10/Materials | Central database locked down 1115 | -10/Materials | Discovered new exit (range 16) 1244 | -10/Materials | Discovered new exit (range 11) 1440 | -10/Materials | Discovered new exit (range 15) 1486 | -10/Materials | Entered Mines 1505 | -10/Mines | Met a Derelict bent on vengeance 1517 | -10/Mines | Found a hidden stash of uninstalled traps 1617 | -10/Mines | Met a Derelict shopkeep closing up shop 1796 | -10/Mines | Found a damaged Exp. Sensor Array with a note attached 1800 | -10/Mines | Found Prototype Device 1856 | -10/Mines | Discovered new exit (range 16) 2058 | -10/Mines | Discovered new exit (range 13) 2443 | -10/Mines | Entered Materials 2443 | -9/Materials | Evolved 2 slots: Utility x2 2546 | -9/Materials | Identified Exp. Sensor Array 3817 | -9/Materials | Discovered new exit (range 5) 3984 | -9/Materials | Discovered new exit (range 9) 4072 | -9/Materials | Entered Mines 4073 | -9/Mines | Assembled infested the area 4153 | -9/Mines | Deemed a non-threat by the Exiles lab entrance 4156 | -9/Mines | Discovered new exit (range 5) 4166 | -9/Mines | Entered Exiles 4234 | -9/Exiles | Met 8R-AWN 4264 | -9/Exiles | Met EX-HEX 4378 | -9/Exiles | Met EX-DEC 4419 | -9/Exiles | Learned location of Zion (-6) 4550 | -9/Exiles | Discovered new exit (range 14) 4967 | -9/Exiles | Attacked by the Exiles 5024 | -9/Exiles | Core integrity fell below 50% 5081 | -9/Exiles | Found Prototype Ballistic Gun 5084 | -9/Exiles | Found Prototype Ballistic Gun 5089 | -9/Exiles | Identified 8R-AWN's Boregun (x2) 5119 | -9/Exiles | Found Prototype Device 5123 | -9/Exiles | Identified AS-neutralizer No. 17b 6119 | -9/Exiles | Destroyed 8R-AWN 6507 | -9/Exiles | Destroyed EX-HEX 6708 | -9/Exiles | Destroyed EX-DEC 6754 | -9/Exiles | Destroyed EX-BIN 6795 | -9/Exiles | Found Prototype Processor 6800 | -9/Exiles | Identified Exp. Core Analyzer 7050 | -9/Exiles | Entered Mines 7101 | -8/Mines | Core integrity fell below 20% 7126 | -8/Mines | Destroyed by G-47 Trooper with Particle Gun Last Messages --------------- 07056_ HV Slug penetrates Earth. 07059_ Lgt. Armor Plating destroyed. 07059_ System corrupted: 8R-AWN's Boregun jammed. 07059_ HV Slug penetrates G-47 Trooper. 07059_ G-47 Trooper suffers critical hit (Destroy). 07059_ Destroyed Imp. Heat Sink. 07059_ HV Slug penetrates Wall. 07062_ System corrupted: Substantial component data lost. 07062_ HV Slug penetrates G-47 Trooper. 07062_ HV Slug penetrates Wall. 07062_ HV Slug penetrates G-47 Trooper. 07062_ HV Slug penetrates Wall. 07068_ Critical hit (Burn: +37). 07081_ Dropped Imp. Light Cannon. 07082_ Slammed into T-07 Excavator. 07099_ 1FA/